 Dungeon Crawl Stone Soup version 0.30-a0-857-gcaf70739d4 (webtiles) character file.

Game seed: 3999814380994048215

7 Firecrotchwizard the Insei (level 2, 0/22 HPs)
             Began as a Djinni Transmuter on Mar 6, 2023.
             Slain by a rat (2 damage)
             ... on level 1 of the Dungeon.
             The game lasted 00:01:58 (579 turns).

Firecrotchwizard the Insei (Djinni Transmuter)       Turns: 579, Time: 00:01:59

Health: 0/22       AC:  2    Str:  9    XL:     2   Next: 5%
Gold:   156        EV: 12    Int: 14    God:
                   SH:  0    Dex: 13

rFire   + + .      SeeInvis .      - Unarmed
rCold   x . .      Faith    .    (no shield)
rNeg    . . .      Spirit   .    a - +0 robe
rPois   ∞          Reflect  .    (helmet currently unavailable)
rElec   .          Rampage  .    (no cloak)
rCorr   .                        (no gloves)
Will    .....                    (boots unavailable)
Stlth   +                        (no amulet)
HPRegen 0.23/turn                (no ring)
MPRegen 0.00/turn                (no ring)

@: appendages (expiring), flying
A: horns 2, flying, sickness immunity, fire resistance 2, cold vulnerability 1,
float, innate caster, HP casting, extra vitality 1
a: End Transformation


You were on level 1 of the Dungeon.
You had temporarily grown beastly horns.
You visited 1 branch of the dungeon, and saw 2 of its levels.

You collected 156 gold pieces.

Inventory:

Missiles
 s - 5 stones (quivered)
Armour
 a - a +0 robe (worn)
Scrolls
 f - a scroll of poison {unknown}
 h - a scroll of identify {unknown}
Potions
 b - a potion of might {unknown}
 c - a potion of curing {unknown}
 d - 2 potions of haste {unknown}
 e - a potion of heal wounds {unknown}
 g - 2 potions of cancellation {unknown}
 P - 2 potions of lignification {!q}


   Skills:
 + Level 1.2 Fighting
 - Level 2.1 Dodging
 * Level 3.2 Unarmed Combat
 + Level 1.7 Spellcasting


You knew the following spells:

 Your Spells              Type           Power      Damage    Failure   Level
a - Beastly Appendage     Tmut           10%        N/A       12%         1
b - Wereblood             Tmut           5%         N/A       19%         2
c - Spider Form           Tmut/Pois      5%         N/A       36%         3
d - Ice Form              Ice/Tmut       5%         N/A       77%         4
Your spell library was empty.

Dungeon Overview and Level Annotations

Branches:
Dungeon (2/15)

Altars:

Shops:
D:1 (


Innate Abilities, Weirdness & Mutations

You have temporarily grown beastly horns.
You are flying.
You are immune to sickness and miasma.
You are immune to poison.
Your flesh is very heat resistant. (rF++)
You are vulnerable to cold. (rC-)
You float through the air rather than walking.
You learn spells naturally, not from books.
Your magical power is your life essence.
You have superior vitality. (+4 MHP)


Message History

s - 5 stones (quivered)
You now have 144 gold pieces (gained 18).
P - 2 potions of lignification {!q} (gained 1)
A rat comes into view.
A rat is nearby!
A ball python comes into view.
The ball python hisses angrily.
You grow a pair of large bovine horns.
The ball python misses you. The ball python closely misses you.
You take 1 damage, and have 16/17 hp.
You hit the ball python.
You kill the ball python!
Your transformation is almost over.
Health restored: 17 You hit the rat.
You kill the rat!
You have reached level 2!
Health restored: 22 You see here a rat corpse.
f - a scroll labelled LUSOJO NEEXIZI Your horns disappear.
d - 2 sedimented coppery potions (gained 1)
You now have 156 gold pieces (gained 12).
You see here a rat corpse.
g - 2 orange potions
There is a stone staircase leading down here.
You see here a +0 spear.
You see here a +0 spear.
A bat comes into view.
The bat barely misses you. The bat hits you but does no damage.
You grow a pair of large bovine horns.
The bat closely misses you.
You take 1 damage, and have 21/22 hp.
You closely miss the bat. Your punch misses the bat. The bat barely misses you.
The bat hits you but does no damage. The bat barely misses you.
You closely miss the bat. The bat barely misses you.
Health restored: 22 The bat hits you but does no damage.
You hit the bat.
You kill the bat!
Your transformation is almost over.
h - a scroll labelled TELON CIUH Your horns disappear.
Done exploring.
Done exploring.
(D) Dungeon
Where to? (? - help)
There is a stone staircase leading down here.
You fly downwards.
There is a stone staircase leading up here.
There are monsters nearby!
You grow a pair of large bovine horns.
What are your orders? t - Shout!
Orders for allies: a - Attack new target. r - Retreat! s - Stop attacking. g - Guard the area. f - Follow me.
Anything else - Cancel.
You shout for attention!
You hear an angry hiss.
You extend your transformation's duration.
The bat hits you but does no damage.
A ball python comes into view.
You take 1 damage, and have 21/22 hp.
You closely miss the ball python. The ball python closely misses you.
The ball python misses you.
Health restored: 22 You barely miss the ball python.
A worm comes into view.
The ball python barely misses you. The ball python closely misses you.
You closely miss the ball python. The ball python misses you. x2
A quokka comes into view.
The ball python closely misses you. The ball python grabs you.
You stop ascending the stairs.
The ball python constricts you.
The quokka twitches its whiskers.
The quokka closely misses you.
You escape the ball python's grasp.
Your transformation is almost over.
The rat closely misses you. The quokka barely misses you. The worm bites you!
Ouch! That really hurt!
The ball python bites you. The ball python completely misses you.
You fly upwards.
There is a stone staircase leading down here.
You take 11 damage, and have 11/22 hp.
MASSIVE DAMAGE!!
You hit the worm but do no damage. The quokka bites you.
The rat bites you but does no damage. The ball python bites you.
The ball python barely misses you.
You take 2 damage, and have 9/22 hp.
You barely miss the worm. The quokka bites you. The rat bites you.
* * * LOW HITPOINT WARNING * * *
The worm barely misses you. The ball python barely misses you.
The ball python completely misses you.
You take 4 damage, and have 5/22 hp.
You hit the worm. The quokka bites you.
* * * LOW HITPOINT WARNING * * *
The rat bites you.
You die...

..#......≈≈≈≈....#..§≈≈≈≈..#.#.##
.##...^..........##..§.......#.#
...........#.#..#####..#####.#.#
..#.............#.....## ##.#.##
#.#........#......##### ##..#.##
#...##########...## #..##..#
###.##########...#########.####..
#............rSw.........#####.
#.....######.r@#########.#.....
#....## ##### #.#..##. ##...#
#.#.#..# #...# #....#.. #####
##...### #..#.## #...... #...###
#####


You could see a worm, a quokka, a ball python and a rat.

Vanquished Creatures
  2 giant cockroaches (D:1)
  A ball python (D:1)
  2 bats (D:1)
  A frilled lizard (D:1)
  A kobold (D:1)
  A rat (D:1)
8 creatures vanquished.

Notes
Turn   | Place    | Note
-------+----------+-------------------------------------------
     0 | D:1      | Firecrotchwizard the Djinni Transmuter began the quest for
                  | the Orb.
     0 | D:1      | Firecrotchwizard set off with the following spells
                  | memorised: Beastly Appendage, Wereblood, Spider Form, Ice
                  | Form.
     0 | D:1      | Reached XP level 1. HP: 17/17 MP: 0/0
    50 | D:1      | Found Akung's Weapon Shop.
   338 | D:1      | Reached XP level 2. HP: 22/22 MP: 0/0
   578 | D:1      | HP: 5/22 [rat (3)]
   579 | D:1      | HP: 2/22 [quokka (3)]
   579 | D:1      | Slain by a rat

Illustrated notes

Levels and vault maps discovered:
D:1:      dpeg_arrival_pits, layout_rooms, serial_shops, shop_coins,
          minmay_misc_feat_square
D:2:      layout_basic, minmay_tetromino_i4

Action                     || total
---------------------------++-------
  Melee: Unarmed           ||    24
         Headbutt          ||     2
   Cast: Beastly Appendage ||     5
   Stab: Sleeping          ||     1
 Armour: Robe              ||     7
  Dodge: Dodged            ||    28

Table legend: (Time is in decaauts)
 A = Elapsed time spent in this place.
 B = Non-inter-level travel time spent in this place.
 C = Inter-level travel time spent in this place.
 D = Time resting spent in this place.
 E = Time spent auto-exploring this place.
 F = Levels seen in this place.
 G = Mean time per level.
                   A        B        C        D        E       F      G
               +--------+--------+--------+--------+--------+-----+--------+
         Total |    578 |    557 |     21 |      0 |    483 |   2 |  289.0 |
       Dungeon |    578 |    557 |     21 |      0 |    483 |   2 |  289.0 |
               +--------+--------+--------+--------+--------+-----+--------+

Top non-repeatable levels by time:
     D:1: 568 daAuts
     D:2: 9 daAuts

Table legend:
 A = Kills in this place as a percentage of kills in the entire game.
 B = Kills by you in this place as a percentage of kills by you in the entire game.
 C = Kills by friends in this place as a percentage of kills by friends in the entire game.
 D = Other kills in this place as a percentage of other kills in the entire game.
 E = Experience gained in this place as a percentage of experience gained in the entire game.
 F = Experience gained in this place divided by the number of levels of this place that you have seen.
                   A       B       C       D       E      F
               +-------+-------+-------+-------+-------+----------------------
         Total | 100.0 | 100.0 |   N/A |   N/A | 100.0 |   5.0
       Dungeon | 100.0 | 100.0 |   N/A |   N/A | 100.0 |   5.0
               +-------+-------+-------+-------+-------+----------------------
